 Dungeon Crawl Stone Soup version 0.19-a0-1384-gbb462ca (webtiles) character file.

286 aronpayne the Skirmisher (level 6, -1/40 HPs)
             Began as a Gargoyle Chaos Knight on Sept 3, 2016.
             Slain by a chaos spawn (11 damage)
             ... summoned by Xom
             ... on level 3 of the Dungeon.
             The game lasted 00:14:50 (3392 turns).

aronpayne the Skirmisher (Gargoyle Chaos Knight)    Turns: 3392, Time: 00:14:51

Health: -1/40      AC:  9    Str: 18    XL:     6   Next: 30%
Magic:  2/6        EV:  7    Int: 10    God:    Xom [......]
Gold:   190        SH:  4    Dex: 11    Spells: 0 memorised, 5 levels left

rFire  x . .     SeeInvis +     a - +0 mace (chaos)
rCold  + . .     Gourm    .     k - +0 chain mail
rNeg   + + .     Faith    .     u - +1 buckler
rPois  ∞         Spirit   .     (no helmet)
rElec  +         Dismiss  .     (no cloak)
rCorr  .         Reflect  .     (no gloves)
MR     .....     Harm     .     (no boots)
Stlth  ..........               (no amulet)
                                t - ring of ice
                                o - ring of positive energy

@: very slightly contaminated, invisible
A: thin skeletal structure 1, see invisible, deformed body, dopey 1, negative
energy resistance 1, sense surroundings 1, electricity resistance, unbreathing,
petrification resistance, rot immunity, AC +4
a: Renounce Religion


You were on level 3 of the Dungeon.
You worshipped Xom.
You were a very special plaything of Xom.
You were not hungry.

You visited 1 branch of the dungeon, and saw 3 of its levels.

You collected 190 gold pieces.

Inventory:

Hand Weapons
 a - a +0 mace of chaos (weapon)
Armour
 b - a +2 leather armour
 k - a +0 chain mail (worn)
 u - a +1 buckler (worn)
Jewellery
 o - a ring of positive energy (left hand)
 t - a ring of ice (right hand)
Wands
 y - a wand of lightning (4/15)
Scrolls
 d - a scroll of enchant weapon {unknown}
 e - a scroll of blinking {unknown}
 h - 3 scrolls of identify
Potions
 i - 2 potions of degeneration
 z - a potion of lignification {unknown}
Comestibles
 c - 3 bread rations
 j - 4 beef jerkies
 m - a meat ration
 x - 2 fruits


   Skills:
 * Level 5.3 Fighting
 + Level 4.1 Maces & Flails
 + Level 4.0 Armour
 + Level 1.6 Dodging
 + Level 0.9 Shields


You had 5 spell levels left.
You didn't know any spells.

Dungeon Overview and Level Annotations

Branches:
Dungeon (3/15)

Altars:
Gozag
Uskayaw


Innate Abilities, Weirdness & Mutations

You are resistant to torment.
Your stone body is resilient. (AC +4)
You are immune to poison.
You resist negative energy. (rN+)
You are resistant to electric shocks. (rElec)
You can survive without breathing.
You are immune to petrification.
You are immune to rotting.
You have a somewhat thin skeletal structure. (Dex +2, Stealth)
You have supernaturally acute eyesight. (SInv)
Armour fits poorly on your strangely shaped body.
You are dopey. (Int -2)
You passively map a small area around you.


Message History

The iron imp is heavily wounded.
You block the chaos spawn's attack.
The iron imp hits you but does no damage.
Your chain mail prevents you from hitting the iron imp.
The iron imp is heavily wounded.
The chaos spawn gores you! The chaos spawn freezes you. You resist.
You emit a cloud of colourful smoke!
The chaos spawn hits you. The chaos spawn freezes you. You resist.
The iron imp hits you but does no damage.
Your chain mail prevents you from hitting the iron imp.
The iron imp is heavily wounded.
The chaos spawn gores you.
* * * LOW HITPOINT WARNING * * *
You fade into invisibility!
You are very lightly contaminated with residual magic.
You hit the iron imp but do no damage.
The iron imp is heavily wounded.
The chaos spawn hits you!
You die... "It was about time."

* , #.....# * ,
##########.#,
,...........#.#
* ######......#
* #.###### * +
, ####.# , *
#§§..# , ,
,#5#### , #@# ,
,#4# #§# , ,
#.# * #.# * **
, #.# , , ,
,*,* #.# * *#.#


You could see a chaos spawn and an iron imp.

Vanquished Creatures
  An orc priest (D:3)
  An orc wizard (D:3)
  Jessica (D:3)
  Natasha (twice) (D:3)
  2 gnolls (D:3)
  6 adders
  An ooze (D:2)
  2 worms
  A dart slug (D:1)
  A giant gecko (D:3)
  7 orcs (D:3)
  A giant cockroach (D:1)
  6 goblins
  10 hobgoblins
  7 jackals (D:3)
  7 kobolds
  A ball python (D:1)
  5 bats
  5 giant newts
  8 rats
75 creatures vanquished.

Vanquished Creatures (others)
  A gnoll (D:3)
  A rat (D:2)
2 creatures vanquished.

Grand Total: 77 creatures vanquished

Notes
Turn   | Place    | Note
-------+----------+-------------------------------------------
     0 | D:1      | aronpayne the Gargoyle Chaos Knight began the quest for the Orb.
     0 | D:1      | Reached XP level 1. HP: 14/14 MP: 1/1
   141 | D:1      | XOM: divination: detect creatures
   190 | D:1      | XOM: divination: detect items
   196 | D:1      | XOM: silly message
   500 | D:1      | Reached XP level 2. HP: 18/19 MP: 2/2
   735 | D:1      | XOM: harmless Divn miscast
   906 | D:1      | Reached XP level 3. HP: 24/24 MP: 3/3
   981 | D:2      | Reached skill level 4 in Fighting
  1059 | D:2      | XOM: give mutations
  1059 | D:2      | Gained mutation: You are dopey. (Int -2) [Xom's mischief]
  1059 | D:2      | Gained mutation: Armour fits poorly on your strangely shaped body. [Xom's mischief]
  1131 | D:2      | Reached skill level 1 in Dodging
  1456 | D:2      | Found an opulent altar of Gozag.
  1520 | D:2      | XOM: destruction
  1877 | D:2      | Reached XP level 4. HP: 27/30 MP: 4/4
  1878 | D:2      | Found a hide-covered altar of Uskayaw.
  2190 | D:2      | XOM: harmless Pois miscast
  2492 | D:3      | Gained mutation: You have a somewhat thin skeletal structure. (Dex +2, Stealth) [potion of mutation]
  2492 | D:3      | Gained mutation: You have supernaturally acute eyesight. (SInv) [potion of mutation]
  2492 | D:3      | Gained mutation: You passively map a small area around you. [potion of mutation]
  2517 | D:3      | Reached XP level 5. HP: 14/34 MP: 5/5
  2548 | D:3      | HP: 1/34 [orc/flail (6)]
  2848 | D:3      | XOM: harmless Conj miscast
  2873 | D:3      | Reached skill level 5 in Fighting
  2917 | D:3      | Noticed Jessica
  2925 | D:3      | Killed Jessica
  2926 | D:3      | XOM: scenery: 1 doors close
  3033 | D:3      | Noticed Natasha
  3036 | D:3      | XOM: enchant monster (good)
  3055 | D:3      | Killed Natasha
  3055 | D:3      | Reached XP level 6. HP: 25/40 MP: 6/6
  3190 | D:3      | Noticed Natasha
  3196 | D:3      | Killed Natasha
  3385 | D:3      | XOM: summons 3 hostile demons
  3386 | D:3      | Noticed a chaos spawn
  3390 | D:3      | XOM: smoke on damage
  3392 | D:3      | Slain by a chaos spawn

Vault maps used:
D:1:      dpeg_arrival_leaves_temple_mockup
D:2:      lemuel_coloured_pillars_altar, grunt_gozag_breadcrumbs
D:3:      old_standard_altar, first_bread, uniq_natasha, uniq_jessica

Skill      XL: |  1  2  3  4  5  6 |
---------------+-------------------+-----
Fighting       | 4 5 |  5.3
Dodging        | 1 |  1.6
Armour         | 3 4 |  4.0
Maces & Flails | 4 |  4.1
Shields        | |  0.9

Action                   |  1- 3 |  4- 6 || total
-------------------------+-------+-------++-------
Melee: Mace              |   179 |   151 ||   330
  Use: Potion            |     2 |     5 ||     7
       Scroll            |       |     8 ||     8
 Stab: Paralysed         |       |     1 ||     1
  Eat: Chunk             |     3 |     4 ||     7
       Pizza             |       |     1 ||     1
Armor: Leather armour    |    21 |       ||    21
       Chain mail        |    97 |   106 ||   203
Dodge: Dodged            |    65 |    43 ||   108
Block: Buckler           |     9 |    35 ||    44
